 Dungeon Crawl Stone Soup version 0.30.1 (webtiles) character file.

Game seed: 16106906975770811563

2231 Graphine the Cleaver (level 9, -1/78 HPs)
             Began as a Hill Orc Fighter on July 3, 2023.
             Was a Priest of Fedhas.
             Killed by an exploding ballistomycete spore (21 damage)
             ... set off by their pet
             ... on level 5 of the Dungeon.
             The game lasted 00:09:16 (4702 turns).

Graphine the Cleaver (Hill Orc Fighter)             Turns: 4702, Time: 00:09:17

Health: -1/78      AC: 14    Str: 25    XL:     9   Next: 36%
Magic:  11/15      EV: 22    Int:  8    God:    Fedhas [***...]
Gold:   277        SH:  0    Dex: 10    Spells: 8/8 levels left

rFire   . . .        a - +1 war axe (flame)
rCold   . . .        c - +0 buckler
rNeg    . . .        j - +0 plate armour
rPois   .            (no helmet)
rElec   .            (no cloak)
rCorr   .            l - +0 pair of gloves
SInv    .            (no boots)
Will    .....        f - amulet "Piuwowib" {Acrobat Str+2} Stlth
                     (no ring)
HPRegen 0.33/turn    (no ring)
MPRegen 0.14/turn

%: acrobat
@: confused, acrobatic
A: no striking features
a: Renounce Religion, Wall of Briars, Grow Ballistomycete


You were on level 5 of the Dungeon.
You worshipped Fedhas.
Fedhas was most pleased with you.
You visited 1 branch of the dungeon, and saw 5 of its levels.
You also visited: Ossuary.

You collected 277 gold pieces.

Inventory:

Hand Weapons
 a - a +1 war axe of flaming (weapon)
 i - a +2 dagger of holy wrath
Armour
 c - a +0 buckler (worn)
 j - a +0 plate armour (worn)
 l - a +0 pair of gloves (worn)
 o - a scarf of harm
Magical Staves
 g - a staff of death
Jewellery
 f - the amulet "Piuwowib" (around neck) {Acrobat Str+2}
   (You acquired it on level 2 of the Dungeon)

   [amulet of the acrobat]

   It increases your evasion while moving and waiting.
   Str:       It affects your strength (+2).
 q - an amulet of regeneration
Scrolls
 b - a scroll of fog
 h - 3 scrolls of teleportation
 r - a scroll of magic mapping
 s - a scroll of brand weapon
Potions
 d - a potion of might
 e - 2 potions of flight
 k - 6 potions of curing
 m - a potion of brilliance
 n - 2 potions of cancellation
 p - a potion of berserk rage
 t - 2 potions of attraction
 u - 2 potions of invisibility {unknown}
 v - a potion of haste {unknown}
 w - a potion of mutation {unknown}


   Skills:
 + Level 6.7 Fighting
 * Level 9.0 Axes
 + Level 6.0 Armour
 + Level 6.0 Shields
 * Level 8.1 Invocations


You had 8 spell levels left.
You didn't know any spells.
Your spell library contained the following spells:

 Spells                   Type           Power      Damage    Failure   Level
 Poisonous Vapours        Pois/Air       0%         N/A       100%        2
 Mephitic Cloud           Conj/Pois/Air  0%         N/A       100%        3
 Freezing Cloud           Conj/Ice/Air   0%         6-21      100%        5


Dungeon Overview and Level Annotations

Branches:
Dungeon (5/15)            Ossuary (visited)
 Temple: D:4-7

Altars:
Ashenzari
Elyvilon
Fedhas
Hepliaklqana


Message History

Aim: a yak (lightly wounded, ally target, about 27% to evade your +1 war axe of flaming)
Okay, then.
Your ballistomycete spore explodes!
The yak appears confused.
The explosion of spores engulfs the yak!
The yak is heavily wounded.
Fedhas protects your plant from harm.
The yak barely misses your ballistomycete spore.
A ballistomycete spore comes into view.
Your ballistomycete spore explodes!
The yak appears confused.
The explosion of spores engulfs the yak!!
The yak is almost dead.
Fedhas protects your plant from harm. The yak closely misses you.
The yak gores itself.
The yak is killed!
Fedhas appreciates your contribution to the ecosystem.
Your Axes skill increases to level 9!
Your Armour skill increases to level 6!
Your Shields skill increases to level 6!
A ballistomycete spore comes into view.
Cleave: a) +1 war axe (flame)
Press: ? - help, Dir - move target, f - yak
Aim: a yak (ally target, about 27% to evade your +1 war axe of flaming)
You hit the yak but do no damage.
Your ballistomycete spore explodes!
The explosion of spores engulfs you!
You are confused.
* * * LOW HITPOINT WARNING * * *
The yak appears confused.
The explosion of spores engulfs the yak!!
The yak is heavily wounded.
Fedhas protects your plant from harm. The yak barely misses you.
The yak gores itself!
A ballistomycete spore comes into view.
A ballistomycete spore comes into view.
Your ballistomycete spore explodes!
The explosion of spores engulfs you!!
You are more confused.
You die...
Fedhas appreciates your contribution to the ecosystem.

#.###.##.#..# #.# ###
#.#......#..#####.#
######<#####.#.#.......#.....####
.......................†.........
######.#####.#.#######.#.########
#.# #.#.# #.#.# #.# #.#.# #.#.#
#.# #.#.#######.#.######## #.#
#.#..@*P....#......... #.#
#.......############## #.#
######Y## #.# #.# #.# #.# #†# #.#


You could see a yak (confused, ally target), a friendly ballistomycete
(summoned) and a friendly ballistomycete spore.

Vanquished Creatures
  5 yaks (D:5)
  A water moccasin (D:3)
  A phantom (D:4)
  3 wyvern zombies (Ossuary)
  A scorpion (D:4)
  3 water moccasin zombies (Ossuary)
  A howler monkey (D:4)
  3 centaur zombies (Ossuary)
  5 bullfrog zombies (Ossuary)
  A hound (D:5)
  A jelly (D:4)
  A gnoll bouda (D:4)
  An orc wizard (D:3)
  2 killer bee zombies (Ossuary)
  2 howler monkey zombies (Ossuary)
  15 mummies (Ossuary)
  5 gnolls (D:4)
  3 adders (D:3)
  A shadow imp (D:5)
  A worm (D:4)
  A dart slug (D:3)
  4 orcs
  3 ball pythons
  5 bats
  4 endoplasms
  3 giant cockroaches
  6 goblins
  9 hobgoblins
  3 jackals (D:4)
  6 kobolds
  3 quokkas
  4 frilled lizards
  5 rats
112 creatures vanquished.

Vanquished Creatures (collateral kills)
  An orc priest (D:4)
  An orc wizard (D:4)
  3 orcs (D:4)
  A ball python (D:4)
  4 ballistomycete spores (D:5)
10 creatures vanquished.

Grand Total: 122 creatures vanquished

Notes
Turn   | Place    | Note
-------+----------+-------------------------------------------
     0 | D:1      | Graphine the Hill Orc Fighter began the quest for the Orb.
     0 | D:1      | Reached XP level 1. HP: 19/19 MP: 1/1
    41 | D:1      | Reached skill level 3 in Axes
    62 | D:1      | Reached XP level 2. HP: 27/27 MP: 2/2
   753 | D:2      | Found a faded altar of an unknown god.
   773 | D:2      | Prayed at the altar of an unknown god.
   773 | D:2      | Became a worshipper of Fedhas Madash
   773 | D:2      | Reached * piety under Fedhas
  1018 | D:2      | Reached XP level 3. HP: 32/33 MP: 3/3
  1084 | D:2      | Reached skill level 1 in Invocations
  1504 | D:2      | Identified a scroll of acquirement
  1504 | D:2      | Acquired the amulet "Piuwowib" {Acrobat Str+2}
  1541 | D:3      | Reached ** piety under Fedhas
  1701 | D:3      | Noticed a water moccasin
  1723 | D:3      | Killed a water moccasin
  1724 | D:3      | Reached skill level 4 in Axes
  1724 | D:3      | Reached XP level 4. HP: 7/41 MP: 4/6
  1724 | D:3      | Reached XP level 5. HP: 8/47 MP: 4/7
  2390 | D:3      | Found a white marble altar of Elyvilon.
  2390 | D:3      | Found a hazy altar of Hepliaklqana.
  2392 | D:3      | Found a broken altar of Ashenzari.
  2450 | D:4      | Reached skill level 5 in Axes
  2450 | D:4      | Reached XP level 6. HP: 52/53 MP: 8/8
  2880 | D:4      | Reached XP level 7. HP: 55/60 MP: 10/10
  3135 | D:4      | Found a sand-covered staircase.
  3142 | Ossuary  | Entered an ossuary
  3154 | Ossuary  | Reached skill level 5 in Fighting
  3163 | Ossuary  | Reached *** piety under Fedhas
  3164 | Ossuary  | Reached skill level 6 in Axes
  3220 | Ossuary  | Reached skill level 5 in Invocations
  3521 | Ossuary  | Reached XP level 8. HP: 54/69 MP: 12/12
  3617 | Ossuary  | Reached skill level 7 in Axes
  3617 | Ossuary  | Reached skill level 5 in Armour
  3617 | Ossuary  | Reached skill level 5 in Shields
  4285 | D:4      | Reached skill level 8 in Axes
  4486 | D:5      | Entered Level 5 of the Dungeon
  4654 | D:5      | Noticed a yak
  4654 | D:5      | Noticed a yak
  4655 | D:5      | Noticed a yak
  4655 | D:5      | Noticed a yak
  4655 | D:5      | Noticed a yak
  4656 | D:5      | Noticed a yak
  4672 | D:5      | Killed a yak
  4673 | D:5      | Reached XP level 9. HP: 75/75 MP: 12/14
  4699 | D:5      | Reached skill level 9 in Axes
  4702 | D:5      | Killed by an exploding ballistomycete spore... set off by
                  | their pet

Illustrated notes

Levels and vault maps discovered:
D:1:      zaba_arrival_water, layout_basic
D:2:      layout_basic, ebering_ecumenical_altar_ruins, kennysheep_flooded_box,
          nicolae_hexahallways
D:3:      layout_loops_ring, nicolae_overflow_hidden_temple
D:4:      layout_loops_ring, enter_ossuary_1, st_stairs_3, grunt_decor_clamped
D:5:      layout_basic, dreamdust_wishing_well, minivault_27, uniq_sigmund

Skill      XL: |  1  2  3  4  5  6  7  8  9 |
---------------+----------------------------+-----
Axes           | 3 4 5 6 8 9 |  9.0
Invocations    | 2 3 4 5 7 8 |  8.1
Fighting       | 4 5 6 |  6.7
Armour         | 4 5 6 |  6.0
Shields        | 4 5 6 |  6.0

Action                     |  1- 3 |  4- 6 |  7- 9 || total
---------------------------+-------+-------+-------++-------
  Melee: War axe           |    86 |    59 |   196 ||   341
         Dagger            |       |       |    51 ||    51
 Invoke: Wall of Briars    |       |     1 |     1 ||     2
         Grow Ballistomyce |       |       |     1 ||     1
    Use: Scroll            |     9 |       |     7 ||    16
         Potion            |     3 |       |     1 ||     4
 Armour: Scale mail        |    40 |    12 |       ||    52
         Plate armour      |       |    13 |   135 ||   148
  Dodge: Dodged            |    32 |    17 |    60 ||   109
  Block: Buckler           |    22 |    12 |    42 ||    76
